AoeStats
← rosteur

QS Arena

503190122Analyzed
1v1 RM · 1mo ago on Aug 30, 2026· 34m 1s· 2 players
Game mode
Random Map
Map size
Tiny (2 player)
Population
200
Speed
Normal
Resources
Standard
Victory
Conquest
Starting age
Dark Age
Ending age
Imperial Age
RankedLock teamsTeams togetherTeam positionsShared explorationLock speedFull tech treeHidden civsTurbo modeCheats
Victory
Defeat
🇹🇷 Celts · Türkiye
743
+15
🇫🇷 Franks · France
722
-35
rosteur
14:02 Feudal Age
15:55 Wheelbarrow
15:45 Man-at-Arms
17:22 Double-Bit Axe
25:22 Castle Age
26:30 Hand Cart
29:09 Crossbowman
29:10 Elite Skirmisher
Router
8:18 Feudal Age
6:39 Loom
10:07 Wheelbarrow
9:23 Double-Bit Axe
9:22 Horse Collar
9:35 Gold Mining
18:10 Castle Age
19:13 Heavy Plow
19:23 Bow Saw
19:51 Gold Shaft Mining
19:34 Hand Cart
19:13 Stone Mining
30:41 Imperial Age
28:36 Ballistics
29:14 Stone Shaft Mining
30:45 Town Watch
32:25 Chemistry
31:30 Siege Engineers
31:32 Heavy Scorpion
Connection lost

Rejoining the realm…

Still unreachable

The connection could not be restored.

Session expired

The server has moved on; the page needs a fresh start.